 Dungeon Crawl Stone Soup version 0.28-a0-1033-g1a2f33fa85 (webtiles) character file.

Game seed: 14977788518090388784

96 siradein the Caller (level 4, 0/30 HPs)
             Began as a Vampire Summoner on Dec 7, 2021.
             Succumbed to a kobold brigand's curare-tipped dart
             ... on level 3 of the Dungeon.
             The game lasted 00:06:18 (2143 turns).

siradein the Caller (Vampire Summoner)              Turns: 2143, Time: 00:06:19

Health: 0/30       AC:  5    Str:  7    XL:     4   Next: 41%
Magic:  2/8        EV: 12    Int: 19    God:
Gold:   145        SH:  0    Dex: 14    Spells: 2/8 levels left

rFire   . . .      SeeInvis +   n - +4 rapier
rCold   + . .      Faith    .   (no shield)
rNeg    . . .      Spirit   .   o - +0 leather armour
rPois   .          Reflect  .   m - +0 helmet
rElec   .          Harm     .   (no cloak)
rCorr   .          Rampage  .   e - +0 pair of gloves
Will    .....                   (no boots)
Stlth   ++........              (no amulet)
HPRegen 0.30/turn               j - ring of protection from cold
MPRegen 0.11/turn               (no ring)

@: lethally poisoned (0 -> -13), very slightly contaminated, healing quickly,
slowed, very slow
A: alive, fangs 3, see invisible, vampiric 2
a: Exsanguinate


You were on level 3 of the Dungeon.
You visited 1 branch of the dungeon, and saw 3 of its levels.

You collected 145 gold pieces.

Inventory:

Hand Weapons
 n - a +4 rapier (weapon)
Armour
 e - a +0 pair of gloves (worn)
 m - a +0 helmet (worn)
 o - a +0 leather armour (worn)
Jewellery
 j - a ring of protection from cold (left hand)
Scrolls
 a - a scroll of acquirement {unknown}
 c - 2 scrolls of teleportation {unknown}
 d - 3 scrolls of identify {unknown}
 f - a scroll of fog {unknown}
 i - a scroll of enchant armour {unknown}
 k - a scroll of enchant weapon {unknown}
Potions
 b - 3 potions of attraction {unknown}
 g - a potion of cancellation {unknown}
 h - a potion of curing
 l - a potion of haste {unknown}
 p - a potion of might {unknown}


   Skills:
 + Level 1.4 Short Blades
 + Level 3.3 Dodging
 - Level 3.0 Stealth
 + Level 2.8 Spellcasting
 + Level 4.6 Summonings


You had 2 spell levels left.
You knew the following spells:

 Your Spells              Type           Power      Damage    Failure   Level
a - Summon Small Mammal   Summ           80%        N/A       3%          1
b - Call Imp              Summ           20%        N/A       5%          2
c - Call Canine Familiar  Summ           20%        N/A       11%         3

Your spell library contained the following spells:

 Spells                   Type           Power      Damage    Failure   Level
 Summon Guardian Golem    Hex/Summ       11%        N/A       26%         3
 Ozocubu's Armour         Ice            2%         N/A       56%         3
 Summon Lightning Spire   Summ/Air       11%        N/A       65%         4
 Ozocubu's Refrigeration  Ice            1%         4d5       100%        7


Dungeon Overview and Level Annotations

Branches:
Dungeon (3/15)

Altars:


Innate Abilities, Weirdness & Mutations

Your natural rate of healing is accelerated.
You have razor-sharp teeth.
You have supernaturally acute eyesight. (SInv)
You are afflicted with vampirism and can become a bat while bloodless.


Message History

The kobold brigand hits your hound with a +0 dagger!
Your hound dies!
Your hound's corpse disappears in a puff of smoke!
The kobold brigand throws a curare-tipped dart.
Casting: Call Imp (safe; 5% risk of failure)
Press: ? - help, Q - select action, (/) - cycle Dir - look around, f - activate You miscast Call Imp.
You are very lightly contaminated with residual magic.
Nothing appears to happen.
Casting: Call Imp (safe; 5% risk of failure)
Press: ? - help, Q - select action, (/) - cycle Dir - look around, f - activate A beastly little devil appears in a puff of flame.
The kobold brigand closely misses your crimson imp.
What are your orders? t - Shout!
Orders for allies: a - Attack new target. r - Retreat! s - Stop attacking. g - Guard the area. f - Follow me.
Anything else - Cancel.
Gang up on whom?
Press: ? - help, Dir - move target, f - kobold brigand
Aim: a kobold brigand, wielding a +0 dagger and quivering curare-tipped darts (almost dead, ally target) Attack!
Your crimson imp hits the kobold brigand but does no damage.
The kobold brigand hits your crimson imp with a +0 dagger.
Casting: Call Imp (safe; 5% risk of failure)
Press: ? - help, Q - select action, (/) - cycle Dir - look around, f - activate A beastly little devil appears in a puff of flame.
Your crimson imp disappears in a puff of smoke!
The kobold brigand throws a curare-tipped dart.
The curare-tipped dart closely misses you.
You swap places.
The kobold brigand throws a curare-tipped dart.
The curare-tipped dart misses your crimson imp.
The curare-tipped dart hits you.
You are poisoned.
You have difficulty breathing.
* * * LOW HITPOINT WARNING * * *
You feel yourself slow down.
You die...

#.#
#.#################.#######
...........................
#######.#############.#####
#.#...........#.#
#.#.####.####.# #
#.#....#.# #.####.####.#.#
#...........#@#
#############.##########
.........5........
#####....#K######
#.....ยง.......
##############


There were no monsters in sight!

Vanquished Creatures
  An adder (D:3)
  A worm (D:2)
  2 dart slugs (D:1)
  3 bats
  3 endoplasms
  2 giant cockroaches
  10 goblins
  6 hobgoblins
  A jackal (D:3)
  6 kobolds
  3 ball pythons (D:2)
  3 frilled lizards
  3 rats
44 creatures vanquished.

Vanquished Creatures (collateral kills)
  Robin (D:2)
  A dart slug (D:2)
  An orc (D:3)
  2 endoplasms
  5 goblins
  A hobgoblin (D:1)
  2 bats (D:1)
  A frilled lizard (D:2)
  A kobold (D:1)
  A rat (D:1)
16 creatures vanquished.

Grand Total: 60 creatures vanquished

Notes
Turn   | Place    | Note
-------+----------+-------------------------------------------
     0 | D:1      | siradein the Vampire Summoner began the quest for the Orb.
     0 | D:1      | Reached XP level 1. HP: 13/13 MP: 3/3
    90 | D:1      | Reached XP level 2. HP: 10/19 MP: 3/5
   100 | D:1      | Learned a level 2 spell: Call Imp
   675 | D:1      | Gained mutation: You are afflicted with vampirism and can
                  | become a bat while bloodless. [Vampire growth]
   675 | D:1      | Reached XP level 3. HP: 24/24 MP: 3/6
  1173 | D:2      | Noticed Robin
  1225 | D:2      | Reached skill level 1 in Short Blades
  1234 | D:2      | Killed Robin
  1235 | D:2      | Reached XP level 4. HP: 18/30 MP: 5/8
  1384 | D:2      | Found a faded altar of an unknown god.
  1767 | D:3      | Learned a level 3 spell: Call Canine Familiar
  2115 | D:3      | Noticed a kobold brigand
  2143 | D:3      | Succumbed to a kobold brigand's curare-tipped dart

Illustrated notes

Levels and vault maps discovered:
D:1:      lemuel_arrival_lava_pool, layout_loops_ring, roderic_roman_lattice,
          minmay_vboxes
D:2:      layout_loops_ring, shapermc_ecumenical_altar_notcrosses, uniq_robin
D:3:      layout_basic, hangedman_feature_mirror, wad_floor_pattern_untrapped,
          serial_park_tiny_2, roderic_lattice_a, minmay_cupped

Skill      XL: |  1  2  3 |
---------------+----------+-----
Dodging        | 3 |  3.3
Short Blades   | 1 |  1.4
Stealth        | |  3.0
Spellcasting   | |  2.8
Summonings     | |  4.6

Action                   |  1- 3 |  4- 6 || total
-------------------------+-------+-------++-------
Melee: Dagger            |   114 |     4 ||   118
       Unarmed           |     6 |       ||     6
       Bite              |    14 |       ||    14
       Rapier            |       |    25 ||    25
 Cast: Summon Small Mamm |     4 |       ||     4
       Call Imp          |     9 |     4 ||    13
       Call Canine Famil |       |     1 ||     1
 Stab: Distracted        |     1 |       ||     1
       Sleeping          |     5 |       ||     5
Armor: Robe              |    34 |    11 ||    45
       Leather armour    |       |     1 ||     1
Dodge: Dodged            |    73 |    21 ||    94

Table legend: (Time is in decaauts)
 A = Elapsed time spent in this place.
 B = Non-inter-level travel time spent in this place.
 C = Inter-level travel time spent in this place.
 D = Time resting spent in this place.
 E = Time spent auto-exploring this place.
 F = Levels seen in this place.
 G = Mean time per level.
                   A        B        C        D        E       F      G
               +--------+--------+--------+--------+--------+-----+--------+
         Total |   2146 |   2093 |     53 |      0 |   1622 |   3 |  715.3 |
       Dungeon |   2146 |   2093 |     53 |      0 |   1622 |   3 |  715.3 |
               +--------+--------+--------+--------+--------+-----+--------+

Top non-repeatable levels by time:
     D:1: 890 daAuts
     D:2: 779 daAuts
     D:3: 475 daAuts
